 Dungeon Crawl Stone Soup version 0.20-a0-731-gecde0bf (webtiles) character file.

3426 esteth the Fighter (level 9, -6/86 HPs)
             Began as a Centaur Monk on Feb 22, 2017.
             Mangled by a hornet (12 damage)
             ... while paralysed by a hornet
             ... on level 8 of the Dungeon.
             The game lasted 00:22:49 (12009 turns).

esteth the Fighter (Centaur Monk)                  Turns: 12009, Time: 00:22:50

Health: -6/86      AC:  7    Str: 14    XL:     9   Next: 76%
Magic:  0/9        EV:  1    Int: 10    God:
Gold:   455        SH:  0    Dex: 14    Spells: 8/8 levels left

rFire    . . .     SeeInvis .     - Unarmed
rCold    . . .     Gourm    .   a - +0 robe
rNeg     . . .     Faith    .   (no shield)
rPois    .         Spirit   +   (no helmet)
rElec    .         Reflect  .   (no cloak)
rCorr    +         Harm     .   q - +2 pair of gloves
MR       .....                  (no barding)
Stlth    +.........             j - amulet of guardian spirit
Regen    0.3/turn               (no ring)
MPRegen  0.2/turn               s - ring of resist corrosion

@: paralysed, lethally poisoned (-6 -> -10), slowed, very quick
A: hooves 3, deformed body, speed 2, tough skin 3
a: no special abilities


You were on level 8 of the Dungeon.
You were not hungry.

You visited 2 branches of the dungeon, and saw 9 of its levels.

You collected 455 gold pieces.

Inventory:

Armour
 a - a +0 robe (worn)
 q - a +2 pair of gloves (worn)
Jewellery
 j - an amulet of guardian spirit (around neck)
 l - an uncursed amulet of faith
 m - an uncursed ring of ice
 s - a ring of resist corrosion (left hand)
Wands
 g - a wand of iceblast (15/15)
 w - a wand of digging (20/24)
Scrolls
 d - a scroll of teleportation
 h - a scroll of recharging
 k - 2 scrolls of identify
 r - a scroll of amnesia
Potions
 b - a potion of flight {unknown}
 f - a potion of haste {unknown}
 n - a potion of berserk rage {unknown}
 p - a potion of ambrosia
Books
 c - a Young Poisoner's Handbook

   Spells                             Type                      Level
   a - Sting                          Conjuration/Poison           1
   b - Poisonous Vapours              Poison/Air                   2
   c - Mephitic Cloud                 Conjuration/Poison/Air       3
   d - Olgreb's Toxic Radiance        Poison                       4
   e - Venom Bolt                     Conjuration/Poison           5
 o - a book of Conjurations

   Spells                             Type                      Level
   a - Magic Dart                     Conjuration                  1
   b - Searing Ray                    Conjuration                  2
   c - Dazzling Spray                 Conjuration/Hexes            3
   d - Fulminant Prism                Conjuration/Hexes            4
   e - Force Lance                    Conjuration/Translocation    4
   f - Iskenderun's Mystic Blast      Conjuration                  4
Comestibles
 i - a bread ration
 u - 2 royal jellies


   Skills:
 - Level 10.6 Fighting
 - Level 2.2 Dodging
 - Level 1.2 Stealth
 + Level 9.9 Unarmed Combat


You had 8 spell levels left.
You didn't know any spells.

Dungeon Overview and Level Annotations

Branches:
Dungeon (8/15)             Temple (1/1) D:5
   Lair: D:8-11

Altars:
Ashenzari
Cheibriados
Elyvilon
Fedhas
Gozag
Hepliaklqana
Kikubaaqudgha
Makhleb
Nemelex Xobeh
Okawaru
Qazlal
Ru
Sif Muna
Trog
Uskayaw
Vehumet
Xom
Yredelemnul
Zin
The Shining One

Shops:
D:5 (


Innate Abilities, Weirdness & Mutations

You have hooves in place of feet.
Armour fits poorly on your strangely shaped body.
You cover ground very quickly.
You have extremely tough skin. (AC +3)


Message History

You feel sick. The hornet stings you.
You feel as though you will be slow longer.
The big kobold closely misses you. The hornet stings you!
* * * LOW HITPOINT WARNING * * *
You feel as though you will be slow longer.
Found a silver ring.
You feel sick.
You see here a scale mail.
You feel sick.
The hornet stings you but does no damage.
You feel sick.
You feel sick. The hornet stings you!
* * * LOW HITPOINT WARNING * * *
You are more poisoned.
You feel as though you will be slow longer.
You feel better. The hornet stings you!
* * * LOW HITPOINT WARNING * * *
You are poisoned.
You suddenly lose the ability to move!
The hornet stings you!
You die...

###..##.....########
................... ##
...........#########+#..
...............#........
#..............#........
........##.##..#........
#+#####+##.##..#........
...........##..#........
...........##..#@.....=.
...........##..#yO......
...........#...#K.......
###.......######K.......
..'.......'....KK.......
###.K.....#....K........
#..KK...#......#######
#...K####......# #.KK.#
#......#


You could see a two-headed ogre, a hornet, a big kobold and 4 kobolds.

Vanquished Creatures
  Pikel (D:4)
  A wraith (D:7)
  Eustachio (D:4)
  A water moccasin (D:7)
  An ice beast (D:6)
  4 slaves (D:4)
  3 sky beasts
  2 black bears (D:8)
  A necrophage (D:7)
  3 ogres
  A centaur (D:6)
  A bullfrog (D:7)
  A water moccasin zombie (D:5)
  A gnoll sergeant (D:7)
  A scorpion (D:8)
  2 wights (D:7)
  2 crimson imps
  4 human zombies (D:7)
  2 quasits (D:8)
  3 hounds
  2 orc priests
  8 orc wizards
  A bullfrog skeleton (D:7)
  4 worker ants
  Terence (D:2)
  2 iguanas
  Natasha (thrice) (D:3)
  A hound skeleton (D:4)
  3 mummies (D:7)
  4 gnolls (D:7)
  14 adders
  2 shadow imps (D:5)
  An ooze (D:3)
  An adder zombie (D:7)
  An adder skeleton (D:5)
  3 worms
  A dart slug (D:3)
  8 leopard geckos
  24 orcs
  7 bats
  5 giant cockroaches
  5 goblins
  5 hobgoblins
  12 jackals
  2 quokkas
  4 ball pythons
  5 frilled lizards
  A jackal skeleton (D:8)
  2 jackal zombies
  3 kobolds (D:3)
  A leopard gecko skeleton (D:5)
  A leopard gecko zombie (D:7)
  An orc zombie (D:7)
  A quokka zombie (D:5)
  8 rats
183 creatures vanquished.

Notes
Turn   | Place    | Note
-------+----------+-------------------------------------------
     0 | D:1      | esteth the Centaur Monk began the quest for the Orb.
     0 | D:1      | Reached XP level 1. HP: 19/19 MP: 1/1
   446 | D:1      | Reached XP level 2. HP: 18/26 MP: 2/2
  1247 | D:2      | Reached XP level 3. HP: 6/31 MP: 3/3
  1611 | D:2      | Noticed Terence
  1637 | D:2      | Killed Terence
  1637 | D:2      | Reached XP level 4. HP: 28/38 MP: 4/4
  1788 | D:2      | Reached skill level 5 in Unarmed Combat
  2024 | D:2      | Found a basalt altar of Yredelemnul.
  2716 | D:3      | Noticed Natasha
  2734 | D:3      | Killed Natasha
  2853 | D:3      | Noticed Natasha
  3050 | D:3      | Killed Natasha
  3050 | D:3      | Reached XP level 5. HP: 29/45 MP: 5/5
  3352 | D:3      | Noticed Natasha
  3365 | D:3      | Killed Natasha
  3776 | D:4      | Noticed Eustachio
  3779 | D:4      | Noticed an ogre
  3820 | D:4      | Killed Eustachio
  3820 | D:4      | Reached XP level 6. HP: 7/51 MP: 6/6
  4640 | D:4      | Reached XP level 7. HP: 57/57 MP: 7/7
  5220 | D:4      | Noticed Pikel
  5710 | D:4      | HP: 2/85 [Pikel/whip of electrocution (14)]
  5712 | D:4      | Killed Pikel
  5712 | D:4      | Reached skill level 5 in Fighting
  5712 | D:4      | Reached XP level 8. HP: 2/68 MP: 8/8
  6305 | D:5      | Entered Level 5 of the Dungeon
  6565 | D:5      | Found Bypheges's Weapon Shop.
  6637 | D:5      | Reached skill level 6 in Fighting
  7239 | D:5      | Reached skill level 7 in Fighting
  7829 | D:5      | Found a staircase to the Ecumenical Temple.
  7832 | D:5      | Found a shimmering altar of Xom.
  7840 | Temple   | Entered the Ecumenical Temple
  8170 | D:5      | Reached skill level 8 in Fighting
  8186 | D:5      | Found a burning altar of Makhleb.
  8568 | D:6      | Found a stormy altar of Qazlal.
  8750 | D:6      | Reached XP level 9. HP: 81/82 MP: 9/9
  9029 | D:6      | Got a pitted quarterstaff
  9036 | D:6      | Identified the cursed +1 quarterstaff "Icruylox" {venom, +Fly rN+ Dex-5 SInv} (You found it on level 6 of the Dungeon)
  9384 | D:6      | Reached skill level 9 in Fighting
 10813 | D:7      | Reached skill level 10 in Fighting
 10972 | D:7      | Found a basalt altar of Yredelemnul.
 11973 | D:8      | Found a blossoming altar of Fedhas.
 11981 | D:8      | Noticed a two-headed ogre
 12002 | D:8      | Paralysed by a hornet for 2 turns
 12009 | D:8      | Paralysed by a hornet for 1 turns
 12009 | D:8      | Mangled by a hornet

Vault maps used:
D:1:      kilobyte_arrival_exit_the_forest
D:2:      marbit_many_paths, uniq_terence
D:3:      uniq_natasha
D:4:      uniq_pikel, uniq_eustachio
D:5:      grunt_temple_overflow_champion_of_chaos,
          minmay_temple_entry_butterflies, serial_shops, nicolae_shop_trees,
          first_bread, grunt_ministairs_11
D:6:      kennysheep_little_box
D:7:      lemuel_mausoleum_altar_yredelemnul
D:8:      fedhas_altar_decomposition
Temple:   regret_index_temple_generic_petals

Skill      XL: |  1  2  3  4  5  6  7  8  9 |
---------------+----------------------------+-----
Unarmed Combat | 4 5 7 9 |  9.9
Fighting       | 5 8 10 | 10.6
Dodging        | |  2.2
Stealth        | |  1.2

Action                   |  1- 3 |  4- 6 |  7- 9 || total
-------------------------+-------+-------+-------++-------
Melee: Unarmed           |    87 |   193 |   537 ||   817
       Kick              |    13 |    38 |   135 ||   186
       Punch             |     1 |     7 |    14 ||    22
  Use: Potion            |       |     3 |     2 ||     5
       Scroll            |       |       |    20 ||    20
  Eat: Chunk             |     1 |     9 |     9 ||    19
       Bread ration      |       |       |     2 ||     2
       Royal jelly       |       |       |     1 ||     1
Armor: Robe              |    18 |    49 |   133 ||   200
       Skin              |       |       |     5 ||     5
Dodge: Dodged            |    55 |    91 |   173 ||   319
